 Dungeon Crawl Stone Soup version 0.31-a0-261-g072fdb8a1f (webtiles) character file.

Game seed: 12147270101608240457

34 qw the Shooter (level 3, -4/21 HPs)
             Began as a Gargoyle Hexslinger on July 13, 2023.
             Slain by a worm (6 damage)
             ... on level 2 of the Dungeon.
             The game lasted 00:00:27 (1481 turns).

qw the Shooter (Gargoyle Hexslinger)                Turns: 1481, Time: 00:00:28

Health: -4/21      AC:  8    Str: 11    XL:     3   Next: 31%
Magic:  4/4        EV: 10    Int: 13    God:
Gold:   98         SH:  0    Dex: 14    Spells: 3/4 levels left

rFire   . . .        Y - +1 sling
rCold   . . .        (no shield)
rNeg    + . .        k - +0 ring mail
rPois   inf          (no helmet)
rElec   +            (no cloak)
rCorr   .            (no gloves)
SInv    .            (no boots)
Will    .....        (no amulet)
Stlth   +            (no ring)
HPRegen 0.23/turn    (no ring)
MPRegen 0.09/turn

%: no passive effects
@: mighty
A: sickness immunity, AC +3, negative energy resistance 1, electricity
resistance, torment resistance 1, petrification resistance
a: no special abilities


You were on level 2 of the Dungeon.
You visited 1 branch of the dungeon, and saw 3 of its levels.

You collected 98 gold pieces.


Innate Abilities, Weirdness & Mutations

You are immune to sickness and miasma.
Your stone body is resilient. (AC +3)
You are immune to poison.
You resist negative energy. (rN+)
You are resistant to electric shocks. (rElec)
You are resistant to unholy torment.
You are immune to petrification.


   Skills:
 - Level 2.1 Fighting
 + Level 3.1 Ranged Weapons
 - Level 1.5 Dodging
 - Level 1.0 Spellcasting
 - Level 2.6 Hexes


You had 3 spell levels left.
You knew the following spells:

 Your Spells              Type           Power      Damage    Failure   Level
a - Slow                  Hex            28%        N/A       22%         1

Your spell library contained the following spells:

 Spells                   Type           Power      Damage    Failure   Level
 Inner Flame              Hex/Fire       4%         N/A       75%         3
 Portal Projectile        Hex/Tloc       8%         N/A       75%         3
 Cause Fear               Hex            3%         N/A       92%         4

Inventory:

Hand Weapons
 Y - a +1 sling (weapon)
Armour
 k - a +0 ring mail (worn)
Scrolls
 b - a scroll of identify
Potions
 a - a potion of heal wounds {unknown}
 c - a potion of might
 d - a potion of degeneration {unknown}
 e - a potion of curing
 h - a potion of haste {unknown}
 i - a potion of lignification {unknown}
 j - a potion of resistance {unknown}

Dungeon Overview and Level Annotations

Branches:
Dungeon (3/15)

Altars:

Shops:
D:2 (


Message History

The adder bites you but does no damage. The worm barely misses you.
You shoot a sling bullet.
The sling bullet barely misses the ball python.
The ball python barely misses you. The ball python constricts you.
The adder closely misses you. The ball python completely misses you.
The ball python constricts you. The worm bites you.
The adder closely misses you.
You shoot a sling bullet. The sling bullet hits the ball python.
You kill the ball python!
The adder bites you but does no damage. The adder misses you.
The worm barely misses you. The worm bites you but does no damage.
You shoot a sling bullet. The sling bullet hits the worm.
The worm is moderately wounded.
The adder bites you but does no damage. The worm bites you but does no damage.
The adder bites you but does no damage. The worm closely misses you.
You shoot a sling bullet. The sling bullet hits the worm.
The worm is heavily wounded.
The adder bites you.
1475 ||| STAIRDANCE The adder barely misses you.
The worm closely misses you. The worm bites you but does no damage.
The adder closely misses you.
You climb upwards.
There is a stone staircase leading down here.
You shoot a sling bullet. The sling bullet hits the worm!
The worm is almost dead.
The adder misses you. The worm bites you.
The worm bites you but does no damage.
You shoot a sling bullet. The sling bullet hits the worm.
You kill the worm!
The adder barely misses you. The adder bites you. The worm bites you!
You shoot a sling bullet.
The sling bullet barely misses the adder.
The adder misses you. The adder bites you but does no damage.
The worm bites you.
You shoot a sling bullet. The sling bullet hits the adder.
The adder is heavily wounded.
The adder bites you. The adder barely misses you.
You shoot a sling bullet.
The sling bullet closely misses the adder.
The adder bites you but does no damage. The worm bites you.
You die...

#.....(#
#.###########
#..)...#
#.#..........
#......#
#.#.##.......
#######.....>#
#...##.######
#............#
#..###.#
##.####......####.##
#.# #.#
#......##...# #.#
##.############.#.#
#.#
#.=.........@w..#.#
#.#
############S####.#
#.# #.# #.# #.# #.#
#.# #.# #.## #.#
#.#### #####..###.#
#)...# #..........#
####.# #..........#
#.# #..........# #.#


You could see a worm and an adder.

Vanquished Creatures
  An adder (D:2)
  A worm (D:2)
  2 endoplasms
  4 goblins
  3 hobgoblins
  2 quokkas (D:1)
  A ball python (D:3)
  2 bats
  3 frilled lizards (D:1)
  3 rats
22 creatures vanquished.

Notes
Turn   | Place    | Note
-------+----------+-------------------------------------------
     0 | D:1      | qw the Gargoyle Hexslinger began the quest for the Orb.
     0 | D:1      | Reached XP level 1. HP: 12/12 MP: 2/2
     0 | D:1      | 0 ||| qw: Version: 0.3-a-52-g30416fa
     0 | D:1      | 0 ||| qw: Game counter: 6972
     0 | D:1      | 0 ||| qw: Melee chars always use a shield: true
     0 | D:1      | 0 ||| qw: God list: Okawaru
     0 | D:1      | 0 ||| qw: Allow faded altars: false
     0 | D:1      | 0 ||| qw: Do Orc after clearing Dungeon:15 true
     0 | D:1      | 0 ||| qw: Do second Lair branch before Depths: true
     0 | D:1      | 0 ||| qw: Lair rune preference: random
     0 | D:1      | 0 ||| qw: Goals: Normal
     0 | D:1      | 0 ||| PLANNING D:1-11
    72 | D:1      | Found a faded altar of an unknown god.
   258 | D:1      | Reached XP level 2. HP: 16/16 MP: 3/3
   590 | D:1      | 590 ||| UPGRADING to +0 leather armour.
   600 | D:1      | 600 ||| DROPPING +0 robe.
   601 | D:1      | 601 ||| READING scroll labelled LYN FUGOPSI.
   702 | D:1      | 702 ||| READING 2 scrolls labelled MUL LYUVUSUCSI.
   703 | D:1      | 703 ||| DRINKING 2 clear potions.
   704 | D:1      | 704 ||| DROPPING scroll of poison.
   705 | D:1      | 705 ||| DROPPING scroll of vulnerability.
   739 | D:2      | Reached skill level 3 in Ranged Weapons
  1131 | D:2      | Found Fuilumy's Antique Weapon Shop.
  1140 | D:2      | 1140 ||| SHOPLISTING runed shortbow (192 gold, have 87).
  1313 | D:2      | Reached XP level 3. HP: 11/21 MP: 4/4
  1441 | D:2      | 1441 ||| UPGRADING to +0 ring mail.
  1451 | D:2      | 1451 ||| DROPPING +0 leather armour.
  1452 | D:2      | 1452 ||| DROPPING ring of wizardry.
  1453 | D:2      | 1453 ||| READING 2 scrolls labelled WOISIJ GEYPT.
  1454 | D:2      | 1454 ||| READING scroll labelled QYETWU YFFE.
  1455 | D:2      | 1455 ||| DRINKING 2 pink potions.
  1475 | D:3      | 1475 ||| STAIRDANCE
  1478 | D:2      | HP: 4/21 [worm (8)]
  1481 | D:2      | Slain by a worm

Levels and vault maps discovered:
D:1:      minmay_arrival_widening_spiral_wide, layout_rooms,
          shapermc_ecumenical_altar_gd, roderic_roman_lattice
D:2:      layout_basic, serial_shops, shop_fountains
D:3:      layout_loops_ring, mainiacjoe_overflow_surrounded_room,
          gammafunk_temple_overflow_statue, nicolae_tso_swordbearing_angel,
          grunt_decor_clamped, serial_park_tiny_1, uniq_grinder

Skill      XL: |  1  2 |
---------------+-------+-----
Ranged Weapons | 3 |  3.1
Fighting       | 2 |  2.1
Dodging        | |  1.5
Spellcasting   | |  1.0
Hexes          | |  2.6

Action                     || total
---------------------------++-------
   Fire: Sling             ||    79
    Use: Scroll            ||     4
         Potion            ||     2
 Armour: Robe              ||     2
         Leather armour    ||     9
         Ring mail         ||    10
  Dodge: Dodged            ||    42

Table legend:
 A = Non-vault XP
 B = Vault XP
 C = Vault XP percentage of total XP
 D = Non-vault monster count
 E = Vault monster count
 F = Vault count percentage of total count
                 A         B        C        D         E       F
            +---------+---------+-------+---------+---------+-------
      Total |      49 |       0 |   0.0 |      22 |       0 |   0.0
            +---------+---------+-------+---------+---------+-------
        D:1 |      18 |       0 |   0.0 |      12 |       0 |   0.0
        D:2 |      30 |       0 |   0.0 |       9 |       0 |   0.0
        D:3 |       1 |       0 |   0.0 |       1 |       0 |   0.0
            +---------+---------+-------+---------+---------+-------
